 Dungeon Crawl Stone Soup version 0.20.1-1-g8b1a95d (webtiles) character file.

238 birkhead the Skirmisher (level 6, -1/32 HPs)
             Began as a Vine Stalker Fighter on Nov 30, 2017.
             Killed by Freeze
             ... invoked by WiZmei's ghost
              (6 damage)
             ... on level 3 of the Dungeon.
             The game lasted 00:36:30 (2924 turns).

birkhead the Skirmisher (Vine Stalker Fighter)      Turns: 2924, Time: 00:36:31

Health: -1/32      AC:  4    Str: 26    XL:     6   Next: 7%
Magic:  0/7        EV:  9    Int:  8    God:
Gold:   76         SH: 10    Dex: 13    Spells: 5/5 levels left

rFire    . . .     SeeInvis .   a - +0 long sword
rCold    . . .     Gourm    .   c - +0 shield
rNeg     . . .     Faith    .   l - +0 leather armour (curse)
rPois    .         Spirit   +   (no helmet)
rElec    .         Reflect  .   j - +0 cloak
rCorr    .         Harm     .   (no gloves)
MR       .....                  (no boots)
Stlth    ++........             (no amulet)
Regen    0.5/turn               (no ring)
MPRegen  0.1/turn               (no ring)

@: mighty
A: fangs 2, regeneration 1, magic shield, antimagic bite, no potion heal 3, rot
immunity
a: no special abilities


You were on level 3 of the Dungeon.
You were hungry.

You visited 1 branch of the dungeon, and saw 3 of its levels.

You collected 76 gold pieces.

Inventory:

Hand Weapons
 a - a +0 long sword (weapon)
Missiles
 i - 3 stones (quivered)
 p - 12 poisoned needles
Armour
 b - a +0 scale mail
 c - a +0 shield (worn)
 j - a +0 cloak (worn)
 l - a cursed +0 leather armour (worn)
Scrolls
 h - 3 scrolls of remove curse
 m - a scroll of fear
Potions
 e - a potion of mutation {unknown}
 g - a potion of agility {unknown}
 k - 4 potions of curing
Comestibles
 f - 3 bread rations
 o - a meat ration


   Skills:
 * Level 3.4 Fighting
 * Level 2.9 Long Blades
 + Level 3.3 Armour
 + Level 1.3 Dodging
 + Level 2.4 Stealth
 + Level 3.3 Shields


You had 5 spell levels left.
You didn't know any spells.

Dungeon Overview and Level Annotations

Branches:
Dungeon (3/15)

Altars:
Trog
Xom

Annotations:
D:3 WiZmei's ghost, amateur GrIE


Innate Abilities, Weirdness & Mutations

You have extremely sharp teeth.
Your natural rate of healing is unusually fast.
When hurt, damage is shared between your health and your magic reserves.
Your bite disrupts and absorbs the magic of your enemies.
Potions cannot restore your health.
You are immune to rotting.


Message History

WiZmei's ghost gestures at you while chanting.
You are frozen.
* * * LOW HITPOINT WARNING * * *
You hit WiZmei's ghost but do no damage.
Your bite misses WiZmei's ghost.
WiZmei's ghost is heavily damaged.
WiZmei's ghost casts a spell at you.
You are frozen.
* * * LOW HITPOINT WARNING * * *
WiZmei's ghost hits you.
* * * LOW HITPOINT WARNING * * *
You barely miss WiZmei's ghost. Your bite misses WiZmei's ghost.
WiZmei's ghost is heavily damaged.
WiZmei's ghost hits you.
You slash WiZmei's ghost!
You bite WiZmei's ghost, but do no damage.
WiZmei's ghost is almost destroyed.
WiZmei's ghost casts a spell at you.
You are frozen.
You die...

##.....# #............##.#
.....### #..####.######..###
.##### #.....#.# #.#...# .#
##.##.#.# #..#..# .#
#.##.#.# ##..#.# .#
####.(....# ##..## .#####
#.....<.########.#..#
.....###.#######.....#...#.#
.........# #@#####.#...#
####.##### #W##..##.#.## #.#
#.##.#.##_## ##.##
#.(...W.### #...#
####.#..... #...# #######.#
### #...#######.....#.#
#........##....)#.#
###...####.##.......##..


You could see WiZmei's ghost.

Vanquished Creatures
  Natasha (thrice) (D:2)
  4 gnolls (D:2)
  3 adders (D:2)
  An ooze (D:1)
  2 worms (D:2)
  A dart slug (D:2)
  2 leopard geckos
  An orc (D:3)
  6 ball pythons
  6 giant cockroaches
  8 goblins
  8 hobgoblins
  3 jackals (D:1)
  2 quokkas (D:2)
  4 bats
  7 frilled lizards
  10 kobolds
  9 rats
80 creatures vanquished.

Notes
Turn   | Place    | Note
-------+----------+-------------------------------------------
     0 | D:1      | birkhead the Vine Stalker Fighter began the quest for the Orb.
     0 | D:1      | Reached XP level 1. HP: 11/11 MP: 2/2
    67 | D:1      | Reached XP level 2. HP: 14/16 MP: 3/3
   312 | D:1      | Reached skill level 1 in Stealth
   318 | D:1      | Reached XP level 3. HP: 18/19 MP: 4/4
  1003 | D:2      | Reached skill level 1 in Dodging
  1012 | D:2      | Gained mutation: Your natural rate of healing is unusually fast. [Vine Stalker growth]
  1012 | D:2      | Reached XP level 4. HP: 23/23 MP: 5/5
  1201 | D:2      | Noticed Natasha
  1227 | D:2      | Killed Natasha
  1374 | D:2      | Noticed Natasha
  1381 | D:2      | Killed Natasha
  1381 | D:2      | Reached XP level 5. HP: 18/28 MP: 6/6
  1773 | D:2      | Found a bloodstained altar of Trog.
  1868 | D:2      | Noticed Natasha
  1886 | D:2      | Killed Natasha
  2133 | D:2      | Reached XP level 6. HP: 32/32 MP: 7/7
  2832 | D:3      | Found a shimmering altar of Xom.
  2901 | D:3      | Noticed WiZmei's ghost (amateur GrIE)
  2924 | D:3      | Killed from afar by WiZmei's ghost

Skill      XL: |  1  2  3  4 |
---------------+-------------+-----
Stealth        | 1 2 |  2.4
Shields        | 3 |  3.3
Dodging        | 1 |  1.3
Fighting       | 3 |  3.4
Long Blades    | 2 |  2.9
Armour         | 3 |  3.3

Action                   |  1- 3 |  4- 6 || total
-------------------------+-------+-------++-------
Melee: Long sword        |   109 |   148 ||   257
       Bite              |    25 |    35 ||    60
Throw: Stone             |       |     3 ||     3
  Use: Scroll            |     2 |     3 ||     5
       Potion            |     2 |     2 ||     4
 Stab: Sleeping          |       |     3 ||     3
  Eat: Chunk             |       |     6 ||     6
Armor: Scale mail        |    43 |     1 ||    44
       Leather armour    |       |    24 ||    24
Dodge: Dodged            |    32 |    42 ||    74
Block: Shield            |    52 |    67 ||   119
       Rpst.: Long sword |     4 |    13 ||    17
